 Dungeon Crawl Stone Soup version 0.24.1-8-ga250c9d538 (webtiles) character file.

Game seed: 9035991439262790881, levelgen mode: deterministic

422 Hugehornet the Cudgeler (level 6, -1/37 HPs)
             Began as a Gargoyle Fighter on May 1, 2020.
             Slain by a worker ant (2 damage)
             ... on level 4 of the Dungeon.
             The game lasted 00:04:24 (1808 turns).

Hugehornet the Cudgeler (Gargoyle Fighter)          Turns: 1808, Time: 00:04:24

Health: -1/37      AC: 13    Str: 27    XL:     6   Next: 95%
Magic:  6/6        EV:  6    Int:  8    God:
Gold:   101        SH:  9    Dex:  9    Spells: 5/5 levels left

rFire    + . .     SeeInvis .   a - +0 flail
rCold    + . .     Gourm    .   c - +0 shield
rNeg     + . .     Faith    .   j - +0 chain mail
rPois    ∞         Spirit   .   (no helmet)
rElec    +         Reflect  .   (no cloak)
rCorr    .         Harm     .   (no gloves)
MR       .....     Rnd*Tele +   (no boots)
Stlth    ..........             (no amulet)
HPRegen  0.12/turn              h - ring of protection from cold
MPRegen  0.10/turn              (no ring)

@: mighty
A: fire resistance 1, negative energy resistance 1, electricity resistance,
teleportitis 1, wild magic 1, unbreathing, petrification resistance, rot
immunity, AC +4
a: no special abilities


You were on level 4 of the Dungeon.
You were hungry.

You visited 1 branch of the dungeon, and saw 3 of its levels.

You collected 101 gold pieces.

Inventory:

Hand Weapons
 a - a +0 flail (weapon)
Armour
 c - a +0 shield (worn)
 j - a +0 chain mail (worn)
Jewellery
 h - a ring of protection from cold (left hand)
Scrolls
 b - 3 scrolls of remove curse {unknown}
 e - 2 scrolls of identify {unknown}
 g - 2 scrolls of teleportation {unknown}
 i - a scroll of amnesia {unknown}
Potions
 d - a potion of might
 m - a potion of cancellation {unknown}
Comestibles
 f - 4 rations


   Skills:
 - Level 3.2 Fighting
 + Level 7.2 Maces & Flails
 - Level 3.2 Armour
 - Level 3.2 Shields


You had 5 spell levels left.
You didn't know any spells.
Your spell library was empty.

Dungeon Overview and Level Annotations

Branches:
Dungeon (2/15)

Altars:
Cheibriados
Fedhas
Gozag
Uskayaw
Zin

Annotations:
D:2 1 runed translucent door, Crazy Yiuf


Innate Abilities, Weirdness & Mutations

You are resistant to torment.
Your stone body is resilient. (AC +4)
You are immune to poison.
You resist negative energy. (rN+)
You are resistant to electric shocks. (rElec)
You can survive without breathing.
You are immune to petrification.
You are immune to rotting.
Your flesh is heat resistant. (rF+)
You are occasionally teleported next to monsters.
Your spells are a little harder to cast, but a little more powerful.


Message History

Your chain mail prevents you from hitting the ogre.
The ogre is severely wounded.
The ogre hits you with a +0 giant club.
* * * LOW HITPOINT WARNING * * *
You hit the ogre.
The ogre is almost dead.
The ogre hits you with a +0 giant club!
* * * LOW HITPOINT WARNING * * *
You hit the ogre.
You kill the ogre!
Your Maces & Flails skill increases to level 7!
You block the worker ant's attack.
You closely miss the worker ant. You block the worker ant's attack.
You feel very mighty all of a sudden.
A worker ant comes into view.
The worker ant bites you but does no damage.
You sock the worker ant!
The worker ant is heavily wounded.
The worker ant bites you.
You die...

#....#... #...........
#..###..###...........
......... ...#....⌠.._
#..###..###..#........
...#.#..#.#....._...
#..#.#..#.#...#...
..............#.#
####.#....###...####.###
)...............@ah.....
####...###..[..a##.#####
##### ##.###.# ..
....##.. ## # .....###.#
# .... .# .. # .... #.#
# .. #


You could see a howler monkey and 2 worker ants.

Vanquished Creatures
  2 ogres (D:4)
  A scorpion (D:4)
  2 hounds (D:4)
  A worker ant (D:4)
  A killer bee zombie (D:4)
  4 adders
  A worm (D:2)
  3 dart slugs
  2 leopard geckos
  5 orcs (D:4)
  A ball python (D:1)
  3 bats (D:1)
  6 giant cockroaches
  2 goblins
  9 hobgoblins
  4 jackals (D:4)
  10 kobolds
  A frilled lizard (D:2)
  4 rats (D:2)
62 creatures vanquished.

Notes
Turn   | Place    | Note
-------+----------+-------------------------------------------
     0 | D:1      | Hugehornet the Gargoyle Fighter began the quest for the
                  | Orb.
     0 | D:1      | Reached XP level 1. HP: 14/14 MP: 1/1
    60 | D:1      | Reached XP level 2. HP: 18/19 MP: 2/2
   134 | D:1      | Reached skill level 3 in Maces & Flails
   267 | D:1      | Reached XP level 3. HP: 23/23 MP: 3/3
   769 | D:2      | Reached skill level 4 in Maces & Flails
   865 | D:2      | Reached XP level 4. HP: 22/28 MP: 4/4
  1144 | D:2      | Found a runed translucent door.
  1145 | D:2      | Noticed Crazy Yiuf
  1259 | D:2      | Found an opulent altar of Gozag.
  1264 | D:2      | You fall into a shaft and drop 2 floors!
  1300 | D:4      | Found a hide-covered altar of Uskayaw.
  1322 | D:4      | Reached skill level 5 in Maces & Flails
  1322 | D:4      | Reached XP level 5. HP: 27/32 MP: 5/5
  1347 | D:4      | Noticed an ogre
  1359 | D:4      | Gained mutation: You are occasionally teleported next to
                  | monsters. [potion of mutation]
  1359 | D:4      | Gained mutation: Your spells are a little harder to cast,
                  | but a little more powerful. [potion of mutation]
  1359 | D:4      | Gained mutation: Your flesh is heat resistant. (rF+)
                  | [potion of mutation]
  1363 | D:4      | Killed an ogre
  1363 | D:4      | Reached skill level 6 in Maces & Flails
  1363 | D:4      | Reached XP level 6. HP: 7/37 MP: 6/6
  1782 | D:4      | Found a glowing silver altar of Zin.
  1783 | D:4      | Found a blossoming altar of Fedhas.
  1786 | D:4      | Found a snail-covered altar of Cheibriados.
  1804 | D:4      | HP: 1/37 [ogre/+0 giant club (10)]
  1805 | D:4      | Reached skill level 7 in Maces & Flails
  1808 | D:4      | Slain by a worker ant

Levels and vault maps discovered:
D:1:      psy_arrival_basics, layout_loops_ring
D:2:      kennysheep_big_flooded_room, layout_loops_ring, grunt_gozag_statues,
          uniq_crazy_yiuf_cottage
D:4:      layout_basic, nicolae_overflow_hidden_temple,
          grunt_temple_overflow_open, corexii_item_surrounded_by_moat,
          minmay_misc_feat_nine_boxes, uniq_sigmund

Skill      XL: |  1  2  3  4  5  6 |
---------------+-------------------+-----
Maces & Flails | 3 4 5 6 7 |  7.2
Fighting       | |  3.2
Armour         | |  3.2
Shields        | |  3.2

Action                   |  1- 3 |  4- 6 || total
-------------------------+-------+-------++-------
Melee: Flail             |   156 |   141 ||   297
  Use: Potion            |       |     4 ||     4
  Eat: Chunk             |       |     3 ||     3
Armor: Scale mail        |    54 |       ||    54
       Chain mail        |    39 |    87 ||   126
Dodge: Dodged            |    39 |    32 ||    71
Block: Shield            |    89 |    86 ||   175
